 Dungeon Crawl Stone Soup version 0.27-a0-1532-gca18f49f40 (webtiles) character file.

Game seed: 6830860047721781891

32 dolemite99 the Poker (level 3, -1/22 (29) HPs)
             Began as a Merfolk Abyssal Knight on July 13, 2021.
             Was a Follower of Lugonu.
             Slain by Terence (9 damage)
             ... on level 2 of the Dungeon.
             The game lasted 00:01:23 (1259 turns).

dolemite99 the Poker (Merfolk Abyssal Knight)       Turns: 1259, Time: 00:01:23

HP:   -1/22 (29)    AC:  5    Str: 13    XL:     3   Next: 27%
MP:   4/4           EV: 11    Int: 11    God:    Lugonu [*.....]
Gold: 66            SH:  5    Dex: 13    Spells: 2/2 levels left

rFire    . . .     SeeInvis .   a - +1 spear
rCold    . . .     Faith    .   (no shield)
rNeg     . . .     Spirit   .   g - +0 ring mail
rPois    .         Reflect  +   (no helmet)
rElec    .         Harm     .   (no cloak)
rCorr    .         Rampage  .   (no gloves)
Will     .....                  (no boots)
Stlth    +.........             d - amulet of reflection
HPRegen  0.07/turn              (no ring)
MPRegen  0.09/turn              (no ring)

@: heavily drained
A: (nimble swimmer 2), mertail
a: Renounce Religion, Depart the Abyss


You were on level 2 of the Dungeon.
You worshipped Lugonu.
Lugonu was aware of your devotion.
You visited 1 branch of the dungeon, and saw 2 of its levels.
You visited the Abyss 1 time.

You collected 66 gold pieces.

Inventory:

Hand Weapons
 a - a +1 spear (weapon)
Missiles
 h - 68 stones
Armour
 b - a +0 leather armour
 g - a +0 ring mail (worn)
Jewellery
 d - an amulet of reflection (around neck)
 k - an amulet of magic regeneration
Scrolls
 c - a scroll of fog {unknown}
 e - a scroll of noise {unknown}
 f - 3 scrolls of identify {unknown}
 l - a scroll of enchant weapon {unknown}
Potions
 i - 2 potions of curing {unknown}
 j - a potion of brilliance {unknown}


   Skills:
 - Level 3.2 Fighting
 + Level 5.3 Polearms
 - Level 0.6 Armour
 - Level 2.6 Dodging
 - Level 2.0 Invocations


You had 2 spell levels left.
You didn't know any spells.
Your spell library contained the following spells:

 Spells                   Type           Power      Damage    Failure   Level
 Sting                    Tmut/Pois      0%         1d3       58%         1
 Poisonous Vapours        Pois/Air       0%         N/A       75%         2
 Olgreb's Toxic Radiance  Pois           0%         N/A       100%        4


Dungeon Overview and Level Annotations

Branches:
Dungeon (2/15)

Altars:

Annotations:
D:2 Terence


Innate Abilities, Weirdness & Mutations

((You are quick and stealthy near water. (Stealth+, EV+, Speed+++)))
Your lower body shifts to a powerful aquatic tail in water.


Message History

You hit the worm.
The worm is severely wounded.
You hit the worm.
You kill the worm!
Lugonu accepts your kill.
You see here a worm corpse.
Terence the Incautious comes into view.
He is wielding a +3 mace of draining.
Terence shouts!
Okay, then.
Terence hits you with a +3 mace of draining.
You feel drained.
You barely miss Terence. Terence barely misses you.
You hit Terence.
Terence is lightly wounded.
Terence hits you with a +3 mace of draining.
You feel drained.
You closely miss Terence.
Terence is lightly wounded.
Terence hits you with a +3 mace of draining.
You feel drained.
You completely miss Terence.
Terence is lightly wounded.
Terence hits you but does no damage.
You feel drained.
You barely miss Terence.
Terence is lightly wounded.
You hit Terence but do no damage.
Terence is lightly wounded.
Terence bares his teeth.
Terence barely misses you.
You hit Terence.
Terence is moderately wounded.
Terence barely misses you.
You hit Terence.
Terence is heavily wounded.
Terence hits you with a +3 mace of draining.
You feel drained.
You hit Terence but do no damage.
Terence is heavily wounded.
Terence hits you with a +3 mace of draining!
You die...

...+........# ....
...###.#....#.........#
............#.........#
#####.......#.........#
.........####.........#
##.......# #.........##
8#.......# #..........#
##.....###
#..........## ##.....#
#..@@........ ##.....#
######.#....# 8
#......# ..# #### ###
#.###..# # ##8###8###
#.# #..# .........###.#
#..# .............#
#..# .........#####
#..# ##8###8### #..#


You could see Terence.

Vanquished Creatures
  A worm (D:2)
  A dart slug (D:2)
  A ball python (D:1)
  3 endoplasms (D:1)
  3 goblins (D:1)
  4 hobgoblins (D:1)
  4 quokkas
  3 bats (D:1)
  2 kobolds
  2 rats (D:1)
24 creatures vanquished.

Notes
Turn   | Place    | Note
-------+----------+-------------------------------------------
     0 | Abyss:1  | dolemite99 the Merfolk Abyssal Knight began the quest for
                  | the Orb.
     0 | Abyss:1  | Reached XP level 1. HP: 18/18 MP: 2/2
    49 | Abyss:2  | Noticed a small abomination
    53 | D:1      | Escaped the Abyss
   220 | D:1      | Reached skill level 4 in Polearms
   220 | D:1      | Reached XP level 2. HP: 19/24 MP: 3/3
   534 | D:1      | Found a faded altar of an unknown god.
   679 | D:1      | Reached * piety under Lugonu
   958 | D:1      | Reached skill level 5 in Polearms
   958 | D:1      | Reached XP level 3. HP: 29/29 MP: 4/4
  1249 | D:2      | Noticed Terence
  1259 | D:2      | Slain by Terence

Illustrated notes

Levels and vault maps discovered:
D:1:      psy_arrival_radial01, layout_basic,
          shapermc_ecumenical_altar_flowoftime
D:2:      layout_basic, serial_corexii_hall, corexii_hall_statues_deadend,
          chequers_hall_statues_y, corexii_hall_statues_x, uniq_natasha,
          uniq_terence

Skill      XL: |  1  2 |
---------------+-------+-----
Polearms       | 4 5 |  5.3
Fighting       | |  3.2
Armour         | |  0.6
Dodging        | |  2.6
Invocations    | |  2.0

Action                   || total
-------------------------++-------
Melee: Spear             ||   110
Invok: Depart the Abyss  ||     1
 Stab: Sleeping          ||     1
Armor: Leather armour    ||     9
       Ring mail         ||    16
Dodge: Dodged            ||    60
Block: Other             ||    20
       Reflection        ||     2

Table legend: (Time is in decaauts)
 A = Elapsed time spent in this place.
 B = Non-inter-level travel time spent in this place.
 C = Inter-level travel time spent in this place.
 D = Time resting spent in this place.
 E = Time spent auto-exploring this place.
 F = Levels seen in this place.
 G = Mean time per level.
                   A        B        C        D        E       F      G
               +--------+--------+--------+--------+--------+-----+--------+
         Total |   1242 |   1225 |     17 |      0 |    958 |   4 |  310.5 |
       Dungeon |   1193 |   1176 |     17 |      0 |    919 |   2 |  596.5 |
         Abyss |     48 |     48 |      0 |      0 |     39 |   2 |   24.0 |
               +--------+--------+--------+--------+--------+-----+--------+

Top non-repeatable levels by time:
     D:1: 973 daAuts
     D:2: 220 daAuts
 Abyss:1: 36 daAuts
 Abyss:2: 12 daAuts
